 Dungeon Crawl Stone Soup version 0.18.1-50-g88ac8fd (webtiles) character file.

186 GreyTheWise the Shield-Bearer (level 5, -8/42 HPs)
             Began as a Formicid Fighter on Mar 22, 2017.
             Engulfed by a cloud of flame (27 damage)
             ... on level 3 of the Dungeon.
             The game lasted 00:09:51 (2363 turns).

GreyTheWise the Shield-Bearer (Formicid Fighter)    Turns: 2363, Time: 00:09:52

Health: -8/42      AC:  9    Str: 20    XL:     5   Next: 97%
Magic:  5/5        EV:  7    Int:  9    God:
Gold:   173        SH: 14    Dex: 10    Spells: 0 memorised, 4 levels left

rFire  . . .     SeeInvis +     a - +1 flail
rCold  . . .     Gourm    .     b - +0 scale mail
rNeg   . . .     Faith    .     e - +0 large shield
rPois  .         Spirit   .     (helmet unavailable)
rElec  .         Dismiss  .     l - +0 cloak
rCorr  .         Reflect  .     (no gloves)
SustAt .         Harm     .     c - +0 pair of boots
MR     .....                    (no amulet)
Stlth  ..........               (no ring)
                                (no ring)

@: very slightly contaminated, invisible, not resistant to hostile enchantments,
extremely unstealthy
A: permanent stasis, dig shafts and tunnels, four strong arms, antennae 3
a: Dig, Shaft Self


You were on level 3 of the Dungeon.
You were not hungry.

You visited 1 branch of the dungeon, and saw 3 of its levels.

You collected 173 gold pieces.

Inventory:

Hand Weapons
 a - a +1 flail (weapon)
Armour
 b - a +0 scale mail (worn)
 c - a +0 pair of boots (worn)
 e - a +0 large shield (worn)
 l - a +0 cloak (worn)
Scrolls
 i - 4 scrolls of identify
 j - 3 scrolls of remove curse
 p - a scroll of blinking
 r - a scroll of fog
Potions
 d - a potion of might
 h - a potion of brilliance {unknown}
 k - a potion of degeneration
 q - 2 potions of flight
 v - a potion of curing {unknown}
 w - a potion of lignification {unknown}
Comestibles
 f - a bread ration
 g - a slice of pizza
 n - 2 meat rations
 o - 2 fruits
 s - 9 chunks of flesh


   Skills:
 + Level 3.8 Fighting
 + Level 2.7 Maces & Flails
 + Level 4.2 Armour
 + Level 2.0 Dodging
 + Level 5.0 Shields


You had 4 spell levels left.
You didn't know any spells.

Dungeon Overview and Level Annotations

Branches:
Dungeon (3/15)

Altars:


Innate Abilities, Weirdness & Mutations

You are under a permanent stasis effect.
You can dig through walls and to a lower floor.
Your four strong arms can wield two-handed weapons with a shield.
You have a pair of large antennae on your head (SInv).


Message History

You block Crazy Yiuf's attack.
You sock Crazy Yiuf!
Crazy Yiuf is moderately wounded.
Crazy Yiuf zaps a wand.
You block the puff of flame.
You hit Crazy Yiuf.
Crazy Yiuf is heavily wounded.
Crazy Yiuf barely misses you.
You hit Crazy Yiuf.
Crazy Yiuf is severely wounded.
Crazy Yiuf barely misses you. You block Crazy Yiuf's attack.
You sock Crazy Yiuf!
Crazy Yiuf explodes!
The fiery explosion engulfs you!
The fiery explosion engulfs your butterfly.
You kill your butterfly!
Your Dodging skill increases to level 2!
Your Shields skill increases to level 5!
You are engulfed in roaring flames.
Ouch! That really hurt!
You die...

#.......# #.#...#)#
#.#...#.#### ##.#........#
#..........>#
####§§.##.#..####♣♣ ###
##.##§§.......#..#.♣♣ ♣#)))#
#..§§§§....bb%..§§§.♣♣♣♣)))).#
##.##§§..#.#..#.@§§.)♣)g♣
#.##.#....{..#.§#§)♣)♣♣♣
##.##...........##♣♣♣♣♣
#..####.#.......# #.##
#.#.##.##.##### #.#
#.#.##.##.....# #.#
.......######.#### #.# ..
#.......# #.# .. ###.##.##.#


There were no monsters in sight!

Vanquished Creatures
  Crazy Yiuf (D:3)
  Natasha (D:2)
  4 adders
  An ooze (D:1)
  4 worms
  3 dart slugs
  2 giant geckos
  A ball python (D:3)
  2 giant cockroaches
  7 goblins
  8 hobgoblins
  7 jackals
  2 quokkas (D:2)
  12 bats
  3 giant newts
  7 kobolds
  12 rats
77 creatures vanquished.

Notes
Turn   | Place    | Note
--------------------------------------------------------------
     0 | D:1      | GreyTheWise the Formicid Fighter began the quest for the Orb.
     0 | D:1      | Reached XP level 1. HP: 18/18 MP: 1/1
    83 | D:1      | Reached XP level 2. HP: 24/24 MP: 2/2
   313 | D:1      | Reached skill level 4 in Shields
   316 | D:1      | Reached XP level 3. HP: 26/29 MP: 3/3
  1095 | D:2      | Reached skill level 1 in Dodging
  1179 | D:2      | Reached XP level 4. HP: 31/35 MP: 4/4
  1726 | D:2      | Noticed Natasha
  1734 | D:2      | Killed Natasha
  1734 | D:2      | Reached XP level 5. HP: 20/42 MP: 5/5
  2344 | D:3      | Noticed Crazy Yiuf
  2363 | D:3      | Killed Crazy Yiuf
  2363 | D:3      | Reached skill level 5 in Shields
  2363 | D:3      | Engulfed by a cloud of flame

Skill      XL: |  1  2  3  4  5 |
---------------+----------------+-----
Shields        | 4 5 |  5.0
Dodging        | 1 2 |  2.0
Armour         | 4 |  4.2
Fighting       | |  3.8
Maces & Flails | |  2.7

Action                   |  1- 3 |  4- 6 || total
-------------------------+-------+-------++-------
Melee: Flail             |   150 |   206 ||   356
 Abil: Dig               |     1 |       ||     1
  Use: Potion            |       |     1 ||     1
       Scroll            |       |     7 ||     7
  Eat: Pizza             |     1 |       ||     1
       Chunk             |       |     3 ||     3
       Beef jerky        |       |     1 ||     1
Armor: Scale mail        |    68 |   112 ||   180
Dodge: Dodged            |    32 |    52 ||    84
Block: Large shield      |   133 |   239 ||   372
